 Dungeon Crawl Stone Soup version 0.24.0-13-gcf9b319 (webtiles) character file.

Game seed: 9072160981859763502, levelgen mode: deterministic

101 Fang the Shield-Bearer (level 4, 0/29 HPs)
             Began as a Gargoyle Fighter on Jan 2, 2020.
             Slain by Grinder (5 damage)
             ... on level 3 of the Dungeon.
             The game lasted 00:02:04 (2099 turns).

Fang the Shield-Bearer (Gargoyle Fighter)           Turns: 2099, Time: 00:02:04

Health: 0/29       AC: 13    Str: 20    XL:     4   Next: 75%
Magic:  4/4        EV:  7    Int:  9    God:
Gold:   93         SH:  9    Dex:  9    Spells: 3/3 levels left

rFire    . . .     SeeInvis .   a - +0 war axe
rCold    + . .     Gourm    .   B - +0 shield
rNeg     + + .     Faith    .   b - +0 scale mail
rPois    ∞         Spirit   .   f - +2 helmet
rElec    +         Reflect  .   (no cloak)
rCorr    .         Harm     .   (no gloves)
MR       .....                  (no boots)
Stlth    ..........             (no amulet)
HPRegen  0.09/turn              h - ring of protection from cold
MPRegen  0.09/turn              t - ring of positive energy

@: no status effects
A: negative energy resistance 1, electricity resistance, unbreathing,
petrification resistance, rot immunity, AC +3
a: no special abilities


You were on level 3 of the Dungeon.
You were not hungry.

You visited 1 branch of the dungeon, and saw 3 of its levels.

You collected 93 gold pieces.

Inventory:

Hand Weapons
 a - a +0 war axe (weapon)
Armour
 b - a +0 scale mail (worn)
 f - a +2 helmet (worn)
 B - a +0 shield (worn)
Jewellery
 h - a ring of protection from cold (left hand)
 t - a ring of positive energy (right hand)
Wands
 n - a wand of flame (12)
Scrolls
 e - 2 scrolls of noise {unknown}
 i - a scroll of identify {unknown}
 o - a scroll of random uselessness {unknown}
 p - a scroll of teleportation {unknown}
 r - 2 scrolls of fog {unknown}
Potions
 d - a potion of might
 j - a potion of resistance {unknown}
 k - a potion of mutation {unknown}
 l - a potion of haste {unknown}
 m - 2 potions of heal wounds {unknown}
 q - a potion of magic {unknown}
 s - a potion of agility {unknown}
Comestibles
 c - 7 rations
 g - 4 chunks of flesh


   Skills:
 + Level 4.1 Fighting
 + Level 2.6 Axes
 + Level 4.1 Armour
 + Level 4.1 Shields


You had 3 spell levels left.
You didn't know any spells.
Your spell library was empty.

Dungeon Overview and Level Annotations

Branches:
Dungeon (3/15)

Altars:

Annotations:
D:3 Grinder


Innate Abilities, Weirdness & Mutations

You are resistant to torment.
Your stone body is resilient. (AC +3)
You are immune to poison.
You resist negative energy. (rN+)
You are resistant to electric shocks. (rElec)
You can survive without breathing.
You are immune to petrification.
You are immune to rotting.


Message History

* * * LOW HITPOINT WARNING * * *
You slash Grinder! Grinder gestures at you.
You suddenly lose the ability to move!
Grinder blinks!
Grinder gestures at you. Pain shoots through your body!
* * * LOW HITPOINT WARNING * * *
You can move again.
Unknown command.
Grinder gestures at you.
You suddenly lose the ability to move!
Grinder gestures at you. Pain shoots through your body!
* * * LOW HITPOINT WARNING * * *
You can move again.
That item cannot be evoked!
You hit Grinder.
Grinder is severely wounded.
You block Grinder's attack. Grinder hits you.
You die...

########## #####........#
#@5..........#
######.###........# #####
#......# ####.#####
#...###.###### #.$##
#####...[......# ##..#######
.........##.##.# #######........
...##.##.#...#.####....#######...
...#...#............##.# #..#.
.............#..######.### ##.#..


You could see Grinder.

Vanquished Creatures
  3 gnolls (D:2)
  An adder (D:3)
  2 dart slugs
  A leopard gecko (D:1)
  2 orcs (D:3)
  2 giant cockroaches (D:1)
  10 goblins
  8 hobgoblins (D:1)
  4 jackals (D:3)
  6 kobolds
  A quokka (D:3)
  5 bats
  2 frilled lizards (D:1)
  3 rats
50 creatures vanquished.

Notes
Turn   | Place    | Note
-------+----------+-------------------------------------------
     0 | D:1      | Fang the Gargoyle Fighter began the quest for the Orb.
     0 | D:1      | Reached XP level 1. HP: 14/14 MP: 1/1
    94 | D:1      | Reached XP level 2. HP: 19/19 MP: 2/2
   460 | D:1      | Reached XP level 3. HP: 23/23 MP: 3/3
  1533 | D:2      | Reached XP level 4. HP: 29/29 MP: 4/4
  2023 | D:3      | Noticed Grinder
  2036 | D:3      | Paralysed by Grinder for 7 turns
  2046 | D:3      | Paralysed by Grinder for 5 turns
  2059 | D:3      | Paralysed by Grinder for 7 turns
  2069 | D:3      | Paralysed by Grinder for 5 turns
  2083 | D:3      | Paralysed by Grinder for 6 turns
  2094 | D:3      | Paralysed by Grinder for 5 turns
  2099 | D:3      | Slain by Grinder

Levels and vault maps discovered:
D:1:      minmay_arrival_jagged, layout_basic
D:2:      layout_loops_corners
D:3:      layout_rooms, lemuel_round_altar, nicolae_overflow_crystal_walls,
          first_ration, serial_bayou, serial_bayou_pond_e, serial_bayou_ford_a,
          serial_bayou_crossing, serial_bayou_shore_b,
          gammafunk_ghost_necromancy, hangedman_decor_clover_reticule,
          uniq_grinder, uniq_crazy_yiuf_cottage

Skill      XL: |  1  2  3  4 |
---------------+-------------+-----
Axes           | 2 |  2.6
Fighting       | 4 |  4.1
Shields        | 4 |  4.1
Armour         | 4 |  4.1

Action                   |  1- 3 |  4- 6 || total
-------------------------+-------+-------++-------
Melee: War axe           |   152 |    75 ||   227
  Eat: Chunk             |     2 |     2 ||     4
Armor: Scale mail        |    94 |    59 ||   153
Dodge: Dodged            |    42 |    36 ||    78
Block: Shield            |    77 |    47 ||   124
